 Dungeon Crawl Stone Soup version 0.20.0-15-g7f486f2 (webtiles) character file.

177437 dvd the Imperceptible (level 17, -4/84 HPs)
             Began as a Spriggan Assassin on June 11, 2017.
             Was an Initiate of Gozag.
             Killed from afar by a nagaraja (29 damage)
             ... with an orb of energy
             ... on level 4 of the Snake Pit on June 12, 2017.
             The game lasted 04:25:35 (49031 turns).

dvd the Imperceptible (Spriggan Assassin)          Turns: 49031, Time: 04:25:37

Health: -4/84      AC: 10    Str: 15    XL:     17   Next: 54%
Magic:  0/37       EV: 26    Int: 23    God:    Gozag
Gold:   3713       SH: 11    Dex: 27    Spells: 17/46 levels left

rFire    + . .     SeeInvis +   a - +9 short sword of the Toadstool {pierce, Str+3 Int+2 Dex+2}
rCold    + . .     Gourm    .   T - +2 buckler {reflect}
rNeg     + . .     Faith    .   Z - +1 robe of Usian {rF+ Regen+ Int+4}
rPois    +         Spirit   +   X - +2 hat
rElec    .         Reflect  +   S - +2 cloak {rPois}
rCorr    .         Harm     .   (gloves unavailable)
MR       ++...                  (boots unavailable)
Stlth    ++++++++++             E - amulet "Fycwur" {Spirit rN+ Str+4 Dex+4 Slay+3}
Regen    0.7/turn               H - ring of Shadows {Umbra +Inv Stlth+}
MPRegen  0.3/turn               s - ring of protection from cold

@: wreathed by umbra, constricted, very quick
A: unfitting armour, iridescent scales 1, thin skeletal structure 1, see
invisible, herbivore 3, speed 3, slow metabolism 2, evolution 1
a: Potion Petition, Call Merchant, Bribe Branch, Renounce Religion, Evoke
Invisibility


You were on level 4 of the Snake Pit.
You worshipped Gozag.
Gozag was most pleased with you.
You were full.

You visited 5 branches of the dungeon, and saw 27 of its levels.
You also visited: Labyrinth, Ossuary and Ice Cave.

You collected 12731 gold pieces.
You spent 5668 gold pieces at shops.
You paid 3350 gold pieces to Gozag.

Inventory:

Hand Weapons
 a - the +9 short sword of the Toadstool (weapon) {pierce, Str+3 Int+2 Dex+2}
   (You bought it in a shop on level 2 of the Orcish Mines)

   It inflicts extra damage upon your enemies.
   It affects your strength (+3).
   It affects your intelligence (+2).
   It affects your dexterity (+2).
 b - a +9 blowgun
 c - a +0 fustibalus
 N - the +7 rapier "Anuir Sol" {pierce, rF+ Dex+3 Stlth-}
   (You found it on level 14 of the Dungeon)

   It inflicts extra damage upon your enemies.
   It affects your dexterity (+3).
   It protects you from fire.
   It makes you less stealthy.
Missiles
 e - 12 poisoned needles
 f - 14 curare-tipped needles
 m - a tomahawk of returning (quivered)
 M - 97 sling bullets
 R - 5 needles of frenzy
Armour
 d - the +1 robe of the Engineer {rF- rC+ Str+4 Stlth+, unknown}
   (You found it on level 3 of the Snake Pit)

   It affects your strength (+4).
   It makes you vulnerable to fire.
   It protects you from cold.
   It makes you more stealthy.
 S - a +2 cloak of poison resistance (worn)
 T - a +2 buckler of reflection (worn)
 X - a +2 hat (worn)
 Z - the +1 robe of Usian (worn) {rF+ Regen+ Int+4}
   (You bought it in a shop on level 5 of the Lair of Beasts)

   It affects your intelligence (+4).
   It protects you from fire.
   It increases your rate of regeneration.
Jewellery
 s - a ring of protection from cold (right hand)
 x - an uncursed ring of protection from fire
 E - the amulet "Fycwur" (around neck) {Spirit rN+ Str+4 Dex+4 Slay+3}
   (You bought it in a shop on level 12 of the Dungeon)

   [amulet of guardian spirit]

   It causes incoming damage to be split between your health and magic.
   It affects your strength (+4).
   It affects your dexterity (+4).
   It affects your accuracy and damage with ranged weapons and melee attacks
   (+3).
   It protects you from negative energy.
 H - the ring of Shadows (left hand) {Umbra +Inv Stlth+}
   (You bought it in a shop on level 1 of the Lair of Beasts)

   [ring of stealth]

   It lets you turn invisible.
   It makes you more stealthy.
 U - a +3 ring of protection
 W - an uncursed ring of flight
Wands
 h - a wand of iceblast (7/15)
 z - a wand of acid (9/15)
 I - a wand of digging (9/24)
 O - a wand of lightning (14/15)
Scrolls
 l - 14 scrolls of identify
 n - 3 scrolls of recharging
 o - a scroll of amnesia
 t - 15 scrolls of remove curse
 w - 7 scrolls of blinking
 C - 9 scrolls of teleportation
 D - a scroll of fear
 P - a scroll of fog
Potions
 i - 16 potions of curing
 k - a potion of ambrosia
 q - 2 potions of brilliance
 y - 3 potions of flight
 A - 3 potions of mutation
 J - 2 potions of agility
 Q - 8 potions of heal wounds
 V - a potion of magic
 Y - a potion of berserk rage
Books
 p - a book of Power

   Spells                             Type                      Level
   a - Iskenderun's Battlesphere      Conjuration/Charms           5
   b - Venom Bolt                     Conjuration/Poison           5
   c - Bolt of Magma                  Conjuration/Fire/Earth       5
   d - Iron Shot                      Conjuration/Earth            6
   e - Orb of Destruction             Conjuration                  7
   f - Spellforged Servitor           Conjuration/Summoning        7
Comestibles
 g - 8 bread rations
 u - 4 royal jellies
 K - 26 fruits


   Skills:
 + Level 7.1 Fighting
 * Level 11.8 Short Blades
 + Level 9.7(11.4) Slings
 + Level 8.2(9.8) Throwing
 * Level 9.5 Dodging
 + Level 21.8 Stealth
 + Level 4.2 Shields
 + Level 15.2 Spellcasting
 + Level 2.1 Conjurations
 + Level 13.4 Hexes
 + Level 5.8 Charms
 + Level 2.9 Summonings
 + Level 0.5 Necromancy
 + Level 4.6 Translocations
 + Level 7.4 Ice Magic
 * Level 5.0 Air Magic


You had 17 spell levels left.
You knew the following spells:

 Your Spells              Type           Power        Failure   Level  Hunger
a - Blink                 Tloc           N/A          1%          2    None
b - Call Imp              Summ           ####....     1%          2    None
c - Apportation           Tloc           #####.       1%          1    None
d - Ensorcelled Hibernat  Hex/Ice        ######       1%          2    None
e - Confuse               Hex            ######..     1%          3    None
f - Dazzling Spray        Conj/Hex       ######       1%          3    None
g - Shroud of Golubria    Chrm/Tloc      #####.....   1%          2    None
h - Regeneration          Chrm/Necr      ####......   3%          3    None
i - Tukima's Dance        Hex            ######..     1%          3    None
j - Airstrike             Air            #####.....   4%          4    None
k - Force Lance           Conj/Tloc      ####....     10%         4    None


Dungeon Overview and Level Annotations

Branches:
Dungeon (14/15)            Temple (1/1) D:4            Lair (6/6) D:10
  Swamp (0/4) Lair:3        Snake (4/4) Lair:3        Slime (0/5) Lair:5
    Orc (2/2) D:9             Elf (0/3) Orc:2        Vaults (0/5) D:13

Altars:
Ashenzari
Cheibriados
Dithmenos
Elyvilon
Fedhas
Gozag
Hepliaklqana
Kikubaaqudgha
Makhleb
Nemelex Xobeh
Okawaru
Qazlal
Ru
Sif Muna
Trog
Uskayaw
Vehumet
Xom
Yredelemnul
Zin
The Shining One
Beogh
Jiyva

Shops:
D:5 :   D:9 [   D:12 !=   D:13 (   Orc:2 }[*!?   Lair:1 =   Lair:5 [
Snake:2 }==   Snake:3 **[!

Annotations:
Snake:2 1 transporter


Innate Abilities, Weirdness & Mutations

You are very small and have problems with some larger weapons.
You are too small for most types of armour.
You have supernaturally acute eyesight. (SInv)
You are a herbivore.
You cover ground extremely quickly.
You need consume almost no food.
You are partially covered in iridescent scales. (AC +2)
You have a somewhat thin skeletal structure. (Dex +2, Stealth)
You evolve.


Message History

You hit the nagaraja.
The nagaraja is almost dead.
You feel sick. The nagaraja casts a spell at you. The poison arrow hits you!
You are more poisoned.
You partially resist.
* * * LOW HITPOINT WARNING * * *
x2 The nagaraja constricts you.
You feel better. The nagaraja hits you!!
* * * LOW HITPOINT WARNING * * *
x2 The nagaraja constricts you.
Unknown command.
You feel much better. The nagaraja hits you.
* * * LOW HITPOINT WARNING * * *
The nagaraja constricts you. The nagaraja casts a spell at you.
The orb of energy hits you!
You die...
Your body crumbles into a pile of gold.

....###...<......................
.....##..[/......................
...(.............................
.................................
...).............................
....#....#.....########..........
....#...[#...###......####.......
#...#...)#####.....(.....###.....
##..#....###....@N(.(.((...##....
#..#....##.....#######(....#....
####.)))#.....## ###)).##..#
#.........## ##)..#..#
#.......)## #.N.##.# #.......##
##..$#.# #......## $..#.#
##.....## NN.### ##.....## )..#


You could see a nagaraja.

Vanquished Creatures
  Saint Roka (Orc:2)
  Kirke (D:13)
  A storm dragon (D:14)
  3 nagarajas
  2 frost giants
  The ghost of AltWight the Severer, a journeyman FoFi of Makhleb (Lair:6)
  The ghost of Gorglomux the Fighter, a journeyman MiBe of Trog (Lair:6)
  6 dire elephants (Lair:6)
  A minotaur (Lab)
  The ghost of Nicoed the Destroyer, a journeyman OpCj of Sif Muna (D:10)
  Erolcha (Orc:2)
  11 naga warriors
  Fannar (Lair:2)
  2 vault guards (D:13)
  11 hydras
  Erica (D:8)
  12 anacondas
  3 ogre magi (Orc:2)
  A centaur warrior (D:14)
  5 two-headed ogres
  9 death yaks
  Urug (Lair:2)
  10 naga sharpshooters
  6 shock serpents
  Sonja (Orc:2)
  3 skeletal warriors (D:13)
  An unseen horror (D:11)
  A salamander mystic (Snake:3)
  A sea snake (Snake:1)
  2 wizards (D:13)
  A flayed ghost (D:14)
  4 naga ritualists
  A harpy (D:14)
  13 mana vipers
  2 necromancers (D:13)
  An ugly thing (D:13)
  2 deep elf magi
  8 orc sorcerers (Orc:2)
  2 cyclopes (D:14)
  8 salamanders
  5 oklob plants
  2 manticores
  11 naga magi
  An ice statue (IceCv)
  30 black mambas
  22 elephants
  3 guardian serpents
  A torpor snail (Lair:4)
  2 gargoyles (D:14)
  3 centaur skeletons
  19 spiny frogs
  An efreet (D:14)
  7 komodo dragons
  A rime drake (Lair:5)
  A freezing wraith (D:14)
  A tengu conjurer (D:14)
  17 polar bears (IceCv)
  3 meliai (D:14)
  2 trolls
  A wolf spider simulacrum (D:13)
  13 blink frogs
  19 dream sheep
  A slime creature (D:13)
  18 hippogriffs
  A tyrant leech (shapeshifter) (D:14)
  A hippogriff (shapeshifter) (D:14)
  A dancing weapon (IceCv)
  Sigmund (D:2)
  3 shadows (D:14)
  6 wyverns
  A vampire (D:14)
  2 wraiths
  A tarantella (shapeshifter) (D:13)
  3 hungry ghosts
  87 yaks
  4 hogs (D:7)
  19 humans
  A steam dragon (Lair:2)
  6 basilisks
  An acid dragon (D:14)
  A vampire mosquito (D:14)
  A soldier ant (D:11)
  35 nagas
  6 water moccasins
  7 porcupines
  3 wargs
  2 black bears
  14 orc warriors
  7 sky beasts
  2 ice beasts
  14 ogres
  19 wolves
  2 phantoms
  3 centaurs
  11 crocodiles
  3 big kobolds
  17 bullfrogs
  A wyvern skeleton (D:14)
  5 scorpions
  4 killer bees (D:7)
  A vampire bat (D:6)
  5 howler monkeys
  8 electric eels
  5 crimson imps
  2 bullfrog zombies
  4 centaur zombies
  A quasit (D:10)
  7 hounds
  7 jellies
  21 orc priests
  Crazy Yiuf (D:2)
  31 orc wizards
  6 bullfrog skeletons
  6 iguanas
  6 hell rats (Lair:6)
  8 worker ants
  A hound zombie (D:5)
  2 hound skeletons
  A mummy (Ossuary)
  A howler monkey zombie (D:3)
  3 worker ant zombies
  Robin (D:3)
  A gnoll (D:4)
  8 adders
  A shadow imp (D:9)
  18 oozes
  An adder zombie (D:5)
  6 adder skeletons
  4 worms
  3 dart slugs
  6 leopard geckos
  85 orcs
  8 bats
  4 bat skeletons (D:6)
  3 bat zombies (D:6)
  4 giant cockroaches
  14 goblins
  9 hobgoblins
  18 jackals
  21 kobolds
  5 quokkas
  2 ball pythons
  A ball python skeleton (D:5)
  8 frilled lizards
  A giant cockroach zombie (D:5)
  4 gnoll skeletons (Ossuary)
  2 jackal skeletons
  4 kobold skeletons (Ossuary)
  2 leopard gecko zombies
  9 orc skeletons (Ossuary)
  2 quokka skeletons
  A quokka zombie (D:10)
  3 rats
  14 fungi
  16 plants
1038 creatures vanquished.

Vanquished Creatures (collateral kills)
  Gastronok (Lair:2)
  A naga warrior (Snake:4)
  An ogre mage (Orc:2)
  A naga sharpshooter (Snake:4)
  A naga ritualist (Snake:3)
  2 salamanders
  A naga mage (Snake:3)
  Prince Ribbit (D:7)
  A yak (D:12)
  14 nagas
  2 orc warriors
  An ogre (D:11)
  A howler monkey (D:4)
  A crimson imp (D:8)
  A bullfrog zombie (D:12)
  2 orc wizards
  An orc priest (Orc:2)
  A worker ant (D:11)
  A shadow imp (D:9)
  A leopard gecko (D:8)
  8 orcs
  A frilled lizard (D:3)
  4 gnoll skeletons (Ossuary)
  A kobold skeleton (Ossuary)
  3 orc skeletons (Ossuary)
53 creatures vanquished.

Vanquished Creatures (others)
  A death yak (IceCv)
  A mana viper (Snake:2)
  A black mamba (Snake:2)
  2 polar bears (IceCv)
  13 dancing weapons
  A human (D:13)
  2 yaks (IceCv)
  10 wolves (IceCv)
  A scorpion (D:13)
  A goblin (D:3)
  6 bushes (D:14)
  22 fungi
  27 plants
88 creatures vanquished.

Grand Total: 1179 creatures vanquished

Notes
Turn   | Place    | Note
-------+----------+-------------------------------------------
     0 | D:1      | dvd the Spriggan Assassin began the quest for the Orb.
     0 | D:1      | Reached XP level 1. HP: 10/10 MP: 2/2
    41 | D:1      | Reached skill level 6 in Stealth
   287 | D:1      | Reached XP level 2. HP: 14/14 MP: 3/3
   859 | D:2      | Noticed Sigmund
   918 | D:2      | Killed Sigmund
   918 | D:2      | Reached skill level 7 in Stealth
   918 | D:2      | Reached XP level 3. HP: 10/18 MP: 4/4
   918 | D:2      | Reached XP level 4. HP: 13/23 MP: 5/5
   918 | D:2      | Reached XP level 5. HP: 15/26 MP: 6/6
  1142 | D:2      | Found a runed door.
  1146 | D:2      | Noticed Crazy Yiuf
  1150 | D:2      | Killed Crazy Yiuf
  1150 | D:2      | Reached skill level 8 in Stealth
  1912 | D:3      | Found a radiant altar of Vehumet.
  1914 | D:3      | Found an opulent altar of Gozag.
  1934 | D:3      | Became a worshipper of Gozag Ym Sagoz the Greedy
  1957 | D:3      | Reached XP level 6. HP: 25/32 MP: 7/7
  2225 | D:3      | Learned a level 2 spell: Blink
  2228 | D:3      | Learned a level 2 spell: Call Imp
  3001 | D:3      | Noticed Robin
  3034 | D:3      | Killed Robin
  3759 | D:4      | Found a staircase to the Ecumenical Temple.
  3766 | Temple   | Entered the Ecumenical Temple
  4016 | D:4      | Reached skill level 1 in Slings
  4229 | D:4      | Reached XP level 7. HP: 35/35 MP: 5/8
  4783 | D:4      | Found an iron altar of Okawaru.
  5125 | D:5      | Entered Level 5 of the Dungeon
  5211 | D:4      | Learned a level 2 spell: Slow
  5225 | D:5      | Reached skill level 9 in Stealth
  5231 | D:5      | Found a snail-covered altar of Cheibriados.
  5514 | D:5      | Reached skill level 1 in Spellcasting
  6126 | D:5      | Reached XP level 8. HP: 38/40 MP: 10/10
  6155 | D:5      | Found a basalt altar of Yredelemnul.
  6380 | D:5      | Found Guilait's Book Shoppe.
  6389 | D:5      | Bought a book of Maledictions for 250 gold pieces
  6397 | D:5      | Learned a level 2 spell: Ensorcelled Hibernation
  6844 | D:6      | Found an ancient bone altar of Kikubaaqudgha.
  7370 | D:6      | Reached skill level 5 in Short Blades
  7957 | D:6      | Reached skill level 1 in Hexes
  8172 | D:7      | Reached skill level 5 in Slings
  8387 | D:7      | Reached skill level 10 in Stealth
  8813 | D:7      | Reached skill level 5 in Throwing
  8987 | D:7      | Noticed Prince Ribbit
  9031 | D:7      | Killed Prince Ribbit
  9031 | D:7      | Reached skill level 1 in Ice Magic
  9031 | D:7      | Reached XP level 9. HP: 39/45 MP: 8/14
  9301 | D:7      | Reached skill level 1 in Summonings
  9505 | D:7      | Reached skill level 11 in Stealth
  9897 | D:8      | Found a sand-covered staircase.
  9943 | D:8      | Found a stormy altar of Qazlal.
 10135 | Ossuary  | Entered an ossuary
 10704 | D:8      | Noticed Erica
 10758 | D:8      | Reached skill level 5 in Spellcasting
 11123 | D:8      | Reached XP level 10. HP: 51/51 MP: 13/18
 11261 | D:8      | Killed Erica
 11261 | D:8      | Reached skill level 12 in Stealth
 11951 | D:9      | Found a staircase to the Orcish Mines.
 12750 | D:9      | Bought a +0 cloak of poison resistance for 127 gold pieces
 12821 | D:9      | Reached skill level 5 in Hexes
 13156 | D:10     | Entered Level 10 of the Dungeon
 13156 | D:10     | Noticed Nicoed's ghost (journeyman OpCj)
 13537 | D:9      | Reached skill level 5 in Dodging
 13843 | D:9      | Reached skill level 5 in Fighting
 14127 | D:10     | Reached XP level 11. HP: 55/55 MP: 12/22
 14135 | D:10     | Reached skill level 13 in Stealth
 14315 | D:9      | Learned a level 3 spell: Confuse
 14744 | D:9      | Gained mutation: Your muscles are strong. (Str +2) [potion of mutation]
 14744 | D:9      | Gained mutation: You are clumsy. (Dex -2) [potion of mutation]
 14744 | D:9      | Gained mutation: Your spells are a little easier to cast, but a little less powerful. [potion of mutation]
 14744 | D:9      | Gained mutation: You possess an exceptional clarity of mind. [potion of mutation]
 14745 | D:9      | Lost mutation: Your muscles are strong. (Str +2) [potion of mutation]
 14745 | D:9      | Lost mutation: You possess an exceptional clarity of mind. [potion of mutation]
 14745 | D:9      | Lost mutation: You are clumsy. (Dex -2) [potion of mutation]
 14745 | D:9      | Lost mutation: Your spells are a little easier to cast, but a little less powerful. [potion of mutation]
 14745 | D:9      | Gained mutation: You evolve. [potion of mutation]
 14745 | D:9      | Gained mutation: You are weak. (Str -2) [potion of mutation]
 14745 | D:9      | Gained mutation: You are frail. (-10% HP) [potion of mutation]
 14745 | D:9      | Gained mutation: You have a somewhat thin skeletal structure. (Dex +2, Stealth) [potion of mutation]
 14793 | D:10     | Killed Nicoed's ghost
 14823 | D:10     | Found a staircase to the Lair.
 15360 | D:11     | Reached skill level 1 in Translocations
 15479 | D:11     | Noticed an unseen horror
 15488 | D:11     | Killed an unseen horror
 15725 | D:11     | Lost mutation: You are weak. (Str -2) [evolution]
 15804 | D:11     | Reached skill level 14 in Stealth
 16729 | D:9      | Noticed a two-headed ogre
 16737 | D:9      | Killed a two-headed ogre
 17587 | Lair:1   | Entered Level 1 of the Lair of Beasts
 18016 | Lair:1   | Noticed a five-headed hydra
 18037 | Lair:1   | Killed a five-headed hydra
 18037 | Lair:1   | Reached XP level 12. HP: 54/54 MP: 19/25
 18207 | Lair:1   | Reached skill level 1 in Shields
 18245 | Lair:1   | Reached skill level 15 in Stealth
 18664 | Lair:1   | Bought the ring of Shadows {Umbra +Inv Stlth+} for 720 gold pieces
 18689 | Lair:2   | Noticed Fannar
 18692 | Lair:2   | Killed Fannar
 18734 | Lair:2   | Noticed a five-headed hydra
 18757 | Lair:2   | Killed a five-headed hydra
 18839 | Lair:2   | Noticed Gastronok
 19019 | Lair:2   | Reached skill level 5 in Ice Magic
 19035 | Lair:2   | Noticed Urug
 19041 | Lair:2   | Killed Urug
 19041 | Lair:2   | Reached skill level 16 in Stealth
 19952 | Lair:2   | Killed Gastronok
 19952 | Lair:2   | Reached skill level 10 in Spellcasting
 20229 | Lair:3   | Noticed a seven-headed hydra
 20235 | Lair:3   | Killed a seven-headed hydra
 20355 | Lair:3   | Found a staircase to the Swamp.
 20360 | Lair:3   | Reached skill level 17 in Stealth
 20613 | Lair:3   | Reached XP level 13. HP: 57/57 MP: 8/28
 21684 | Lair:3   | Found a staircase to the Snake Pit.
 24013 | Lair:4   | Reached skill level 18 in Stealth
 24106 | Lair:4   | Gained mutation: You are partially covered in iridescent scales. (AC +2) [evolution]
 24756 | Lair:5   | Reached XP level 14. HP: 63/63 MP: 22/30
 24785 | Lair:5   | Reached skill level 10 in Hexes
 25066 | Lair:5   | Found a viscous altar of Jiyva.
 25067 | Lair:5   | Found a staircase to the Slime Pits.
 25626 | Lair:6   | Entered Level 6 of the Lair of Beasts
 25884 | Lair:6   | Noticed AltWight's ghost (journeyman FoFi)
 25899 | Lair:6   | Found a labyrinth entrance.
 25910 | Lab      | Entered a labyrinth
 26452 | Lab      | Identified A Beginning Course on Sorcery
 26521 | Lab      | Learned a level 1 spell: Apportation
 26525 | Lab      | Learned a level 3 spell: Dazzling Spray
 27082 | Lair:5   | Reached skill level 19 in Stealth
 27303 | Lair:5   | Bought a +1 buckler of reflection for 202 gold pieces
 27303 | Lair:5   | Bought the cursed +1 robe of Usian {rF+ Regen+ Int+4} for 376 gold pieces
 27490 | Lair:1   | Bought the amulet "Quwkoirr" {Gourm MR++ Str+6 Dex-3} for 930 gold pieces
 28648 | Lair:6   | Killed AltWight's ghost
 28736 | Lair:6   | Noticed Gorglomux's ghost (journeyman MiBe)
 28736 | Lair:6   | Found a blossoming altar of Fedhas.
 28782 | Lair:6   | Killed Gorglomux's ghost
 30030 | Lair:6   | Reached skill level 1 in Conjurations
 30917 | Lair:6   | Reached XP level 15. HP: 66/66 MP: 4/32
 31188 | Lair:6   | Learned a level 2 spell: Shroud of Golubria
 31192 | Lair:6   | Learned a level 3 spell: Regeneration
 31196 | Lair:6   | Learned a level 3 spell: Tukima's Dance
 32120 | Orc:1    | Entered Level 1 of the Orcish Mines
 32323 | Orc:2    | Entered Level 2 of the Orcish Mines
 32383 | Orc:1    | Found a frozen archway.
 32454 | IceCv    | Entered an ice cave
 33711 | IceCv    | Noticed a frost giant
 34296 | IceCv    | Killed a frost giant
 34548 | Orc:2    | Found a staircase to the Elven Halls.
 34696 | Orc:2    | Reached skill level 20 in Stealth
 35181 | Orc:2    | Noticed Erolcha
 35191 | Orc:2    | Killed Erolcha
 35274 | Orc:2    | Noticed Saint Roka
 35591 | Orc:2    | Killed Saint Roka
 35930 | Orc:2    | Found Rafofuda's Magic Scroll Shoppe.
 35953 | Orc:2    | Reached skill level 1 in Charms
 35972 | Orc:2    | Found Etue's Distillery.
 36027 | Orc:2    | Found an ancient bone altar of Kikubaaqudgha.
 36028 | Orc:2    | Noticed Sonja
 36033 | Orc:2    | Killed Sonja
 36089 | Orc:2    | Found a radiant altar of Vehumet.
 36332 | Orc:2    | Found a roughly hewn altar of Beogh.
 36332 | Orc:2    | Found Bitaun's Antique Armour Emporium.
 36335 | Orc:2    | Found Diusimon's Gadget Shoppe.
 36361 | Orc:2    | Gained mutation: You rapidly evolve. [evolution]
 36567 | Orc:2    | Bought shiny swamp dragon scales for 1219 gold pieces
 36606 | Orc:2    | Bought an encrusted short sword for 256 gold pieces
 36606 | Orc:2    | Identified the +9 short sword of the Toadstool {pierce, Str+3 Int+2 Dex+2} (You bought it in a shop on level 2 of the Orcish Mines)
 36607 | Orc:2    | Bought an embroidered robe for 118 gold pieces
 36628 | Orc:2    | Bought a scroll labeled ERGHET UMOSEZ for 32 gold pieces
 36912 | D:12     | Found Bailagim's Jewellery Emporium.
 36930 | D:12     | Bought the amulet "Fycwur" {Spirit rN+ Str+4 Dex+4 Slay+3} for 1129 gold pieces
 37127 | D:12     | Found Ebaored's Distillery.
 37697 | D:13     | Noticed Kirke
 37735 | D:13     | Noticed a sphinx
 37769 | D:13     | Killed Kirke
 37804 | D:13     | Found Xaakucza's Antique Weapon Shoppe.
 37970 | D:13     | Reached skill level 10 in Short Blades
 38511 | D:13     | HP: 3/66 [wizard/crystal spear (42)]
 38586 | D:12     | Lost mutation: You are frail. (-10% HP) [evolution]
 38586 | D:12     | Lost mutation: You rapidly evolve. [decline of evolution]
 38693 | D:13     | Reached XP level 16. HP: 79/79 MP: 22/34
 38802 | D:13     | Found a gate to the Vaults.
 39914 | D:14     | Learned a level 4 spell: Airstrike
 40141 | D:14     | Reached skill level 1 in Air Magic
 40225 | D:14     | Noticed a storm dragon
 40318 | D:14     | Killed a storm dragon
 40764 | D:14     | Got an ancient rapier
 40765 | D:14     | Identified the +7 rapier "Anuir Sol" {pierce, rF+ Dex+3 Stlth-} (You found it on level 14 of the Dungeon)
 41625 | Snake:1  | Entered Level 1 of the Snake Pit
 41721 | Snake:1  | Reached skill level 21 in Stealth
 42229 | Snake:1  | Reached skill level 5 in Charms
 43558 | Snake:2  | Found a transporter.
 43589 | Snake:2  | Found a transporter.
 43739 | Snake:2  | Found Unleluips's Jewellery Emporium.
 43741 | Snake:2  | Found Ostruq's Gadget Shop.
 43742 | Snake:2  | Found Testriuma's Jewellery Emporium.
 44870 | Snake:2  | Reached XP level 17. HP: 84/84 MP: 29/36
 45411 | Snake:2  | Paralysed by the power of Zot for 4 turns
 45691 | Snake:3  | Found Irhoeqod's General Store.
 45703 | Snake:3  | Bought a scroll of teleportation for 54 gold pieces
 46079 | Snake:3  | Learned a level 4 spell: Force Lance
 46089 | Snake:3  | Got a slimy robe
 46415 | Snake:3  | Found Uwem's General Store.
 46417 | Snake:3  | Found Rerchieps's Antique Armour Shop.
 46419 | Snake:3  | Found Ramoph's Distillery.
 46427 | Snake:3  | Bought a potion of heal wounds for 85 gold pieces
 46427 | Snake:3  | Bought a potion of heal wounds for 85 gold pieces
 46427 | Snake:3  | Bought a potion of heal wounds for 85 gold pieces
 46904 | Snake:3  | Reached skill level 15 in Spellcasting
 47205 | Snake:4  | Entered Level 4 of the Snake Pit
 48900 | Snake:4  | Reached skill level 5 in Air Magic
 49030 | Snake:4  | HP: 2/84 [nagaraja (4)]
 49031 | Snake:4  | Killed from afar by a nagaraja

Skill      XL: |  1  2  3  4  5  6  7  8  9 10 11 12 13 14 15 16 17 |
---------------+----------------------------------------------------+-----
Stealth        | 6 7 8 9 10 11 12 14 17 18 19 20 21 | 21.8
Fighting       | 2 3 4 5 6 7 |  7.1
Short Blades   | 3 4 5 6 7 8 10 11 | 11.8
Throwing       | 3 4 5 7 8 |  8.2
Dodging        | 2 4 5 6 7 8 9 |  9.5
Slings         | 1 3 5 6 8 9 |  9.7
Spellcasting   | 1 2 5 7 8 10 11 12 13 14 15 | 15.2
Hexes          | 2 3 5 7 9 11 12 13 | 13.4
Ice Magic      | 1 2 3 4 5 6 7 |  7.4
Summonings     | 1 2 |  2.9
Translocations | 2 3 4 |  4.6
Shields        | 1 3 4 |  4.2
Conjurations   | 1 2 |  2.1
Charms         | 1 5 |  5.8
Air Magic      | 3 5 |  5.0
Necromancy     | |  0.5

Action                   |  1- 3 |  4- 6 |  7- 9 | 10-12 | 13-15 | 16-18 || total
-------------------------+-------+-------+-------+-------+-------+-------++-------
Melee: Dagger            |    25 |   191 |   367 |   474 |  1048 |       ||  2105
       Short sword       |       |       |       |       |   144 |   453 ||   597
 Fire: Blowgun           |    28 |    94 |    96 |    29 |   270 |       ||   517
       Hunting sling     |       |    27 |   193 |   188 |    11 |       ||   419
       Fustibalus        |       |       |       |       |   162 |    37 ||   199
Throw: Tomahawk          |       |       |       |       |    16 |    19 ||    35
 Cast: Call Imp          |       |     2 |    14 |    25 |     8 |     1 ||    50
       Slow              |       |       |    16 |     7 |       |       ||    23
       Blink             |       |       |     3 |    12 |    29 |     8 ||    52
       Ensorcelled Hiber |       |       |    50 |   187 |   299 |   113 ||   649
       Confuse           |       |       |       |    19 |   122 |    38 ||   179
       Dazzling Spray    |       |       |       |       |   133 |    44 ||   177
       Tukima's Dance    |       |       |       |       |    23 |    62 ||    85
       Regeneration      |       |       |       |       |    15 |    14 ||    29
       Shroud of Golubri |       |       |       |       |    14 |    13 ||    27
       Apportation       |       |       |       |       |     5 |     1 ||     6
       Airstrike         |       |       |       |       |       |    10 ||    10
Invok: Call Merchant     |       |       |       |     2 |     2 |       ||     4
Evoke: Wand              |       |       |       |       |     3 |     7 ||    10
  Use: Scroll            |       |     6 |     6 |    15 |    13 |     5 ||    45
       Potion            |       |       |     3 |    16 |     3 |     9 ||    31
 Stab: Sleeping          |     6 |    14 |    55 |   136 |   219 |   133 ||   563
       Distracted        |       |     2 |     4 |     5 |     5 |     8 ||    24
       Confused          |       |       |       |    11 |    49 |    15 ||    75
       Invisible         |       |       |       |       |    15 |    11 ||    26
  Eat: Bread ration      |       |     1 |     1 |       |     1 |     1 ||     4
       Royal jelly       |       |       |     2 |     4 |     5 |     2 ||    13
       Fruit             |       |       |       |     1 |     2 |     3 ||     6
Armor: Robe              |     4 |    17 |    47 |    27 |    29 |    20 ||   144
Dodge: Dodged            |    13 |   102 |   252 |   235 |   347 |   213 ||  1162
Block: Other             |       |    19 |    43 |    21 |       |       ||    83
       Reflection        |       |     1 |       |     2 |     1 |    25 ||    29
       Buckler           |       |       |       |    16 |   174 |   152 ||   342
